 Dungeon Crawl Stone Soup version 0.28.0 (webtiles) character file.

Game seed: 4118198918551385625

43106 browni3141 the Cleaver (level 13, -2/125 HPs)
             Began as a Minotaur Berserker on Feb 10, 2022.
             Was a High Priest of Trog.
             Slain by a ten-headed hydra (7 damage)
             ... on level 6 of the Lair of Beasts.
             The game lasted 00:10:41 (15222 turns).

browni3141 the Cleaver (Minotaur Berserker)        Turns: 15222, Time: 00:10:41

Health: -2/125     AC: 31    Str: 32    XL:     13   Next: 89%
Magic:  12/12      EV: 14    Int:  4    God:    Trog [*****.]
Gold:   1174       SH:  0    Dex: 14    Spells: 12/12 levels left

rFire   . . .      SeeInvis .   F - +4 battleaxe (freeze)
rCold   . . .      Faith    .   (shield currently unavailable)
rNeg    . . .      Spirit   .   e - +0 plate armour
rPois   .          Reflect  .   (helmet restricted)
rElec   .          Harm     .   j - +2 cloak
rCorr   .          Rampage  .   x - +2 pair of gloves {Dex+3}
Will    ++...                   w - +2 pair of boots
Stlth   ..........              (no amulet)
HPRegen 1.30/turn               q - +6 ring of strength
MPRegen 0.13/turn               M - +4 ring of protection

@: strong-willed, on berserk cooldown, regenerating, slowed, very slow
A: horns 2, retaliatory headbutt
a: Renounce Religion, Berserk, Trog's Hand, Brothers in Arms


You were on level 6 of the Lair of Beasts.
You worshipped Trog.
Trog was extremely pleased with you.
You visited 2 branches of the dungeon, and saw 15 of its levels.

You collected 1174 gold pieces.

Inventory:

Hand Weapons
 a - a +0 hand axe
 u - a +0 war axe
 F - a +4 battleaxe of freezing (weapon)
Armour
 b - a +0 animal skin
 e - a +0 plate armour (worn)
 j - a +2 cloak (worn)
 w - a +2 pair of boots (worn)
 x - a +2 pair of gloves of dexterity (worn)
Jewellery
 q - a +6 ring of strength (left hand)
 G - a ring of flight
 M - a +4 ring of protection (right hand)
Wands
 y - a wand of flame (11) (quivered)
 z - a wand of polymorph (14)
 E - a wand of mindburst (10)
 K - a wand of acid (1)
 N - a wand of charming (3)
Scrolls
 c - 3 scrolls of amnesia
 d - 2 scrolls of vulnerability
 f - 3 scrolls of blinking
 m - a scroll of teleportation {unknown}
 o - a scroll of enchant armour
 p - a scroll of enchant weapon
 r - 2 scrolls of silence
 v - 2 scrolls of noise
 D - 2 scrolls of fog {unknown}
 I - 2 scrolls of torment {unknown}
 J - a scroll of magic mapping {unknown}
 L - 2 scrolls of identify
 O - a scroll of fear {unknown}
 P - a scroll of immolation {unknown}
 Q - 2 scrolls of acquirement {unknown}
 R - a scroll of brand weapon {unknown}
Potions
 g - 2 potions of haste {unknown}
 h - 2 potions of mutation {unknown}
 i - 2 potions of flight {unknown}
 k - a potion of invisibility {unknown}
 l - 7 potions of curing
 n - 3 potions of attraction {unknown}
 s - 2 potions of lignification {unknown}
 t - 3 potions of might {unknown}
 A - a potion of brilliance {unknown}
 B - 2 potions of cancellation {unknown}
 C - 4 potions of heal wounds {unknown}
 H - a potion of degeneration {unknown}


   Skills:
 + Level 14.9 Fighting
 + Level 14.9 Axes
 + Level 14.7 Armour
 + Level 13.6 Dodging


You had 12 spell levels left.
You didn't know any spells.
Your spell library was empty.

Dungeon Overview and Level Annotations

Branches:
Dungeon (10/15)            Temple (0/1) D:4            Lair (6/6) D:10
 Shoals (0/4) Lair:2       Spider (0/4) Lair:2        Slime (0/5) Lair:5
    Orc: D:9-12

Altars:
Cheibriados
Qazlal
Xom

Shops:
D:6 (*(*

Portals:
Trove: D:10 (give 17 potions of curing)

Annotations:
D:9 exclusion: oklob sapling


Innate Abilities, Weirdness & Mutations

You have a pair of horns on your head.
You reflexively headbutt those who attack you in melee.


Message History

The nine-headed hydra completely misses you.
The nine-headed hydra bites you.
The nine-headed hydra bites you but does no damage.
The nine-headed hydra bites you.
The nine-headed hydra bites you but does no damage.
The ten-headed hydra bites you but does no damage.
The ten-headed hydra misses you.
The ten-headed hydra bites you but does no damage. x2
The ten-headed hydra closely misses you.
The ten-headed hydra bites you!
* * * LOW HITPOINT WARNING * * *
The ten-headed hydra bites you but does no damage. x2
The ten-headed hydra barely misses you. The ten-headed hydra misses you.
Unknown command.
Unknown command.
You are too injured to fight recklessly!
Unknown command.
You are too injured to fight recklessly!
Unknown command.
You are too injured to fight recklessly!
Unknown command.
You are too injured to fight recklessly!
Unknown command.
Unknown command.
Your skin crawls.
You feel strong-willed.
The nine-headed hydra bites you but does no damage. x3
The nine-headed hydra bites you!
* * * LOW HITPOINT WARNING * * *
The nine-headed hydra bites you.
* * * LOW HITPOINT WARNING * * *
The nine-headed hydra bites you.
* * * LOW HITPOINT WARNING * * *
The nine-headed hydra bites you!
* * * LOW HITPOINT WARNING * * *
The nine-headed hydra misses you.
The nine-headed hydra bites you but does no damage.
The ten-headed hydra bites you but does no damage. x2
The ten-headed hydra bites you!
You die... ### ## ######.PP### PP#

#.###..P.....P.## ..#
######...P...........#### .P##
#.#.#P................... ...##
.#........................
....####........[................
....P#..........................†
.................................
...............D@...#............
................D†.#.##..##.#....
...............†.######.####..PP.
#.........#..†$..# ## ##P###
............#†...# ## #.
............##....# P..
...#....... #.#.... ...
..#........ .....8... ..........
P.8.....8


You could see a ten-headed hydra and a nine-headed hydra.

Vanquished Creatures
  Kirke (Lair:5)
  The ghost of browni3141 the Grappler, a journeyman TrBe of Trog (Lair:4)
  Nessos (Lair:5)
  A minotaur (Lair:1)
  A boulder beetle (D:8)
  3 hydras
  4 two-headed ogres
  Sonja (Lair:5)
  A skeletal warrior (D:9)
  A lindwurm (Lair:5)
  Pikel (D:8)
  2 oklob plants (D:10)
  3 black mambas
  13 elephants
  13 cane toads
  A gargoyle (D:9)
  A torpor snail (Lair:4)
  3 rime drakes
  A guardian mummy (D:10)
  5 komodo dragons
  2 polar bears
  A troll (D:9)
  A tyrant leech (Lair:2)
  A hornet (D:10)
  A snapping turtle (Lair:2)
  12 blink frogs
  Prince Ribbit (D:7)
  9 dream sheep
  5 wyverns
  2 wraiths
  30 yaks
  4 hogs (Lair:5)
  2 vampire mosquitoes (D:10)
  9 basilisks
  2 swamp worms (Lair:2)
  14 water moccasins
  3 orc warriors
  2 ice beasts
  A sky beast (D:8)
  2 necrophages
  2 black bears
  17 wolves
  5 ogres
  4 lemures (D:8)
  3 centaurs
  3 phantoms
  2 kobold brigands
  19 bullfrogs
  2 scorpions
  A water moccasin zombie (D:6)
  7 wights
  8 killer bees
  4 electric eels
  4 howler monkeys
  4 centaur zombies (D:9)
  3 jellies
  A centaur skeleton (D:6)
  5 orc priests
  A gnoll shaman (D:6)
  A hound (D:7)
  Crazy Yiuf (D:4)
  An iguana (D:6)
  Natasha (twice) (D:4)
  4 orc wizards
  A hound zombie (D:5)
  2 howler monkey zombies (D:9)
  5 gnolls (D:6)
  6 adders
  A river rat (D:5)
  A white imp (D:6)
  A worm (D:2)
  9 orcs
  4 endoplasms
  3 giant cockroaches
  5 hobgoblins
  4 jackals (D:9)
  2 quokkas (D:2)
  8 ball pythons
  4 goblins
  11 kobolds
  A quokka skeleton (D:4)
  7 rats
341 creatures vanquished.

Vanquished Creatures (others)
  16 fungi
  53 plants
69 creatures vanquished.

Grand Total: 410 creatures vanquished

Notes
Turn   | Place    | Note
-------+----------+-------------------------------------------
     0 | D:1      | browni3141 the Minotaur Berserker began the quest for the
                  | Orb.
     0 | D:1      | Reached XP level 1. HP: 19/19 MP: 0/0
    67 | D:2      | Reached XP level 2. HP: 27/27 MP: 1/1
   456 | D:2      | You fall into a shaft and drop 2 floors!
   500 | D:4      | Reached XP level 3. HP: 23/33 MP: 2/2
   609 | D:4      | Found a stormy altar of Qazlal.
   609 | D:4      | Found a snail-covered altar of Cheibriados.
   651 | D:4      | Noticed a scorpion
   657 | D:4      | Killed a scorpion
   658 | D:4      | Reached XP level 4. HP: 41/41 MP: 3/3
   826 | D:4      | Found a runed translucent door.
   827 | D:4      | Noticed Crazy Yiuf
   833 | D:4      | Killed Crazy Yiuf
  1067 | D:4      | Noticed Natasha
  1075 | D:4      | Killed Natasha
  1076 | D:4      | Reached XP level 5. HP: 47/47 MP: 4/4
  1091 | D:4      | Noticed a phantom
  1097 | D:4      | Killed a phantom
  1098 | D:4      | Reached skill level 5 in Fighting
  1098 | D:4      | Reached skill level 5 in Axes
  1113 | D:4      | Noticed Natasha
  1118 | D:4      | Killed Natasha
  1153 | D:4      | Found a staircase to the Ecumenical Temple.
  1183 | D:5      | Entered Level 5 of the Dungeon
  1306 | D:5      | Noticed an ogre
  1311 | D:5      | Killed an ogre
  1312 | D:5      | Reached XP level 6. HP: 56/56 MP: 5/5
  1776 | D:5      | Reached skill level 5 in Armour
  1776 | D:5      | Reached XP level 7. HP: 61/62 MP: 6/6
  2177 | D:5      | Reached skill level 5 in Dodging
  2177 | D:5      | Reached ** piety under Trog
  2244 | D:6      | Found Ulirole's General Store.
  2902 | D:6      | Found Wouq's Assorted Antiques.
  2967 | D:6      | Reached XP level 8. HP: 71/71 MP: 7/7
  2979 | D:6      | Found Ewoif's Weapon Boutique.
  3101 | D:6      | Found Xakluloo's Weapon Emporium.
  4021 | D:7      | Reached XP level 9. HP: 76/81 MP: 8/8
  4332 | D:7      | Noticed Prince Ribbit
  4346 | D:7      | Killed Prince Ribbit
  4777 | D:8      | Reached *** piety under Trog
  4897 | D:8      | Noticed Pikel
  4907 | D:8      | Killed Pikel
  5367 | D:8      | Noticed a boulder beetle
  5508 | D:8      | Killed a boulder beetle
  5509 | D:8      | Reached XP level 10. HP: 16/91 MP: 9/9
  5841 | D:9      | Noticed a two-headed ogre
  5852 | D:9      | Killed a two-headed ogre
  6024 | D:9      | Reached skill level 10 in Fighting
  6024 | D:9      | Reached skill level 10 in Axes
  6270 | D:9      | Noticed a gargoyle
  6277 | D:9      | Killed a gargoyle
  6335 | D:9      | Noticed a skeletal warrior
  6345 | D:9      | Killed a skeletal warrior
  6346 | D:9      | Reached skill level 10 in Armour
  6833 | D:9      | Noticed a two-headed ogre
  6840 | D:9      | Killed a two-headed ogre
  7078 | D:9      | Reached XP level 11. HP: 101/101 MP: 10/10
  7624 | D:10     | Entered Level 10 of the Dungeon
  7801 | D:10     | Noticed an oklob plant
  8255 | D:10     | Noticed a two-headed ogre
  8260 | D:10     | Killed a two-headed ogre
  8261 | D:10     | Reached skill level 10 in Dodging
  8331 | D:10     | Found a portal to a secret trove of treasure.
  8408 | D:10     | Noticed a two-headed ogre
  8415 | D:10     | Killed a two-headed ogre
  8459 | D:10     | Noticed an oklob plant
  8713 | D:10     | Found a staircase to the Lair.
  8800 | D:10     | Killed an oklob plant
  9055 | D:10     | Killed an oklob plant
  9154 | Lair:1   | Entered Level 1 of the Lair of Beasts
  9404 | Lair:1   | Found a shimmering altar of Xom.
  9496 | Lair:1   | Found a runed translucent door.
  9699 | Lair:1   | Noticed a minotaur
  9706 | Lair:1   | Killed a minotaur
  9936 | Lair:2   | Found a hole to the Spider Nest.
 10066 | Lair:2   | Reached **** piety under Trog
 10074 | Lair:2   | Reached XP level 12. HP: 95/112 MP: 11/11
 11077 | Lair:2   | Found a staircase to the Shoals.
 11417 | Lair:3   | Noticed a five-headed hydra
 11423 | Lair:3   | Killed an eight-headed hydra
 12203 | Lair:4   | Found a runed translucent door.
 12261 | Lair:4   | Noticed an eight-headed hydra
 12272 | Lair:4   | Killed a 14-headed hydra
 12645 | Lair:4   | Reached XP level 13. HP: 104/123 MP: 12/12
 13425 | Lair:4   | Noticed browni3141's ghost (journeyman TrBe)
 13433 | Lair:4   | Killed browni3141's ghost
 13495 | Lair:5   | Noticed Sonja
 13500 | Lair:5   | Killed Sonja
 13853 | Lair:5   | Found a staircase to the Slime Pits.
 13877 | Lair:5   | Noticed Kirke
 13888 | Lair:5   | Killed Kirke
 13997 | Lair:5   | Noticed Nessos
 14004 | Lair:5   | Killed Nessos
 14636 | Lair:5   | You fall into a shaft and drop 1 floor!
 14636 | Lair:6   | Entered Level 6 of the Lair of Beasts
 15030 | Lair:6   | Reached ***** piety under Trog
 15222 | Lair:6   | HP: 5/125 [nine-headed hydra (10)]
 15222 | Lair:6   | Slain by a ten-headed hydra

Illustrated notes

Levels and vault maps discovered:
D:1:      ncdulo_smallfort, layout_loops_cross,
          dreamdust_ecumenical_altar_statues, minmay_close_crescents
D:2:      layout_rooms, serial_shops, nicolae_shop_hallway_plus,
          serial_bayou_lagoon_b
D:4:      minmay_clustersquares, layout_cave_pools,
          gammafunk_temple_overflow_pools, minmay_temple_entry_poolview,
          nrook_uturn, uniq_edmund, uniq_natasha, uniq_crazy_yiuf_cottage
D:5:      layout_loops_corners, portal_sewer_entry_b, minmay_misc_feat_enclosed
D:6:      layout_cave_pods, serial_shops, nicolae_shop_waterfront,
          nicolae_diamond_shop, shop, nicolae_stop_n_shop_1
D:7:      layout_basic, chequers_hall_statues_y, corexii_checkpoint_a,
          uniq_prince_ribbit1
D:8:      layout_cave_pools, uniq_pikel
D:9:      minmay_thinvault, layout_irregular_city, introduction_to_nature_2
D:10:     layout_roguey, dpeg_oklobed_lair, nicolae_trove_entry_path_of_doom,
          kennysheep_small_spiral
Lair:1:   dreamdust_labyrinth, layout_cave_shapes, basic_altar,
          nicolae_quartered_pool_little
Lair:2:   layout_chaotic_city, minmay_shoals_entry_hut, dummy_spider_entry,
          worms_lemuel
Lair:3:   layout_small_grid, grunt_megastairs_4, infiniplex_staircase_pool
Lair:4:   layout_hall_layers, ebering_ghost_reflecting_pool
Lair:5:   layout_regular_city, dpeg_slime_entry_corner, serial_bayou_shore_a,
          uniq_sonja, uniq_nessos, uniq_kirke
Lair:6:   due_jungle_book, layout_hall_layers, kennysheep_basilisk_garden,
          lemuel_fruit_fields, grunt_megastairs_2, infiniplex_staircase_pool_2

Skill      XL: |  1  2  3  4  5  6  7  8  9 10 11 12 13 |
---------------+----------------------------------------+-----
Fighting       | 4 5 6 8 9 10 12 13 14 | 14.9
Axes           | 4 5 6 7 9 10 12 13 14 | 14.9
Armour         | 3 4 5 6 7 9 10 12 13 14 | 14.7
Dodging        | 3 4 5 6 8 9 11 12 13 | 13.6

Action                   |  1- 3 |  4- 6 |  7- 9 | 10-12 | 13-15 || total
-------------------------+-------+-------+-------+-------+-------++-------
Melee: Hand axe          |    60 |    53 |    50 |       |       ||   163
       Headbutt          |    10 |     6 |    46 |    63 |    36 ||   161
       War axe           |       |       |   151 |    55 |       ||   206
       Punch             |       |       |     5 |     1 |       ||     6
       Battleaxe         |       |       |       |   257 |   145 ||   402
Invok: Berserk           |     2 |     5 |     9 |    14 |     7 ||    37
       Trog's Hand       |       |       |       |       |     1 ||     1
Evoke: Wand              |       |       |    14 |    13 |     7 ||    34
  Use: Scroll            |       |       |       |    10 |       ||    10
Armor: Animal skin       |     8 |       |       |       |       ||     8
       Plate armour      |     4 |    31 |   112 |   225 |   170 ||   542
Dodge: Dodged            |    35 |    19 |   100 |   223 |   127 ||   504
